 Dungeon Crawl Stone Soup version 0.25.0 (webtiles) character file.

Game seed: 15517963366401630481

(classic levelgen) 317222 EnegeticOcto the Slayer (level 20, -2/202 HPs)
             Began as a Minotaur Fighter on June 12, 2020.
             Was an Initiate of Gozag.
             Slain by a caustic shrike (13 damage)
             ... summoned by a glowing orange brain
             ... on level 5 of the Depths.
             The game lasted 00:33:37 (44372 turns).

EnegeticOcto the Slayer (Minotaur Fighter)         Turns: 44372, Time: 00:33:37

Health: -2/202     AC: 32    Str: 34      XL:     20   Next: 16%
Magic:  28/28      EV: 16    Int:  4 (5)  God:    Gozag
Gold:   8191       SH: 15    Dex: 12      Spells: 19/19 levels left

rFire    + . .     SeeInvis +   a - +7 war axe (freeze)
rCold    + . .     Gourm    .   U - +0 kite shield {rF+}
rNeg     . . .     Faith    .   K - +8 plate armour {rC+}
rPois    .         Spirit   .   (helmet restricted)
rElec    .         Reflect  .   T - +1 cloak
rCorr    .         Harm     .   L - +2 pair of gloves
MR       +....                  (no boots)
Stlth    ..........             C - amulet of the acrobat
HPRegen  0.43/turn              b - +4 ring of protection
MPRegen  0.21/turn              F - +6 ring of strength

@: corroded, gold aura
A: retaliatory headbutt, horns 2, iridescent scales 1, yellow scales 1, see
invisible
}: 3/15 runes: decaying, abyssal, gossamer
a: Potion Petition, Call Merchant, Bribe Branch, Renounce Religion


You were on level 5 of the Depths.
You worshipped Gozag.
Gozag was greatly pleased with you.
You were full.

You visited 8 branches of the dungeon, and saw 38 of its levels.
You visited the Abyss 1 time.
You also visited: Volcano.

You collected 14480 gold pieces.
You spent 2489 gold pieces at shops.
You paid 3800 gold pieces to Gozag.

Inventory:

Hand Weapons
 a - a +7 war axe of freezing (weapon)
Missiles
 H - 2 throwing nets (quivered)
Armour
 q - a +0 tower shield
 K - a +8 plate armour of cold resistance (worn)
 L - a +2 pair of gloves (worn)
 T - a +1 cloak (worn)
 U - a +0 kite shield of fire resistance (worn)
Jewellery
 b - a +4 ring of protection (left hand)
 i - the ring of Leaves {*Tele rC+ Str+5 Dex-2 Stlth+}
   (You found it on level 9 of the Dungeon)

   [ring of teleportation]

   It may teleport you next to monsters.
   It affects your strength (+5).
   It affects your dexterity (-2).
   It protects you from cold.
   It makes you more stealthy.
 B - an uncursed ring of positive energy
 C - an amulet of the acrobat (around neck)
 F - a +6 ring of strength (right hand)
Wands
 c - a wand of disintegration (17)
 l - a wand of polymorph (14)
 x - a wand of flame (87) {@v4}
 G - a wand of acid (10) {@v1}
 J - a wand of paralysis (23)
 M - a wand of clouds (5)
 N - a wand of digging (5) {@v3}
 O - a wand of enslavement (16)
 S - a wand of iceblast (16) {@v2}
Scrolls
 f - 15 scrolls of remove curse {@r2}
 g - 8 scrolls of teleportation {@r3}
 r - 4 scrolls of fear
 s - 2 scrolls of fog
 u - 4 scrolls of immolation {@r7}
 D - 11 scrolls of identify {@r1}
 E - 2 scrolls of vulnerability
 R - 3 scrolls of magic mapping {@r5}
Potions
 j - a potion of stabbing {@q5}
 k - a potion of berserk rage
 m - 2 potions of resistance {@q6}
 n - 5 potions of haste {@q4}
 o - 4 potions of mutation
 p - 7 potions of lignification {@q7}
 t - 4 potions of ambrosia
 v - a potion of heal wounds {@q2}
 w - 2 potions of invisibility
 z - 5 potions of flight
 I - a potion of cancellation
Miscellaneous
 y - a tin of tremorstones (3/3)
 P - a lightning rod (4/4)
 Q - a phial of floods
Comestibles
 e - 9 rations


   Skills:
 * Level 22.4 Fighting
 - Level 16.0 Axes
 * Level 18.0 Armour
 + Level 15.3 Dodging
 - Level 15.5 Shields
 + Level 12.9 Evocations


You had 19 spell levels left.
You didn't know any spells.
Your spell library contained the following spells:

 Spells                   Type           Power        Failure   Level  Hunger
 Animate Skeleton         Necr           N/A          91%         1    ##.....
 Apportation              Tloc           #.....       91%         1    ##.....
 Corona                   Hex            #......      91%         1    ##.....
 Infusion                 Chrm           #...         91%         1    ##.....
 Magic Dart               Conj           #...         91%         1    ##.....
 Sting                    Tmut/Pois      #...         91%         1    ##.....
 Summon Butterflies       Summ           #.......     91%         1    ##.....
 Summon Small Mammal      Summ           #...         91%         1    ##.....
 Blink                    Tloc           N/A          97%         2    ###....
 Call Imp                 Summ           #.......     97%         2    ###....
 Ensorcelled Hibernation  Hex/Ice        #.....       97%         2    ###....
 Poisonous Vapours        Pois/Air       #.....       97%         2    ###....
 Shroud of Golubria       Chrm/Tloc      #.....       97%         2    ###....
 Slow                     Hex            #.......     97%         2    ###....
 Song of Slaying          Chrm           #.......     97%         2    ###....
 Conjure Flame            Conj/Fire      #.......     100%        3    ####...
 Gell's Gravitas          Tloc           #.........   100%        3    ####...
 Ignite Poison            Fire/Tmut/Pois #.......     100%        3    ####...
 Lesser Beckoning         Tloc           #.........   100%        3    ####...
 Mephitic Cloud           Conj/Pois/Air  #.......     100%        3    ####...
 Ozocubu's Armour         Chrm/Ice       #.......     100%        3    ####...
 Spectral Weapon          Hex/Chrm       #.......     100%        3    ####...
 Teleport Other           Tloc           #.......     100%        3    ####...
 Tukima's Dance           Hex            #.......     100%        3    ####...
 Olgreb's Toxic Radiance  Pois           #.......     100%        4    #####..
 Passage of Golubria      Tloc           N/A          100%        4    #####..
 Alistair's Intoxication  Tmut/Pois      #.......     100%        5    ######.
 Borgnjor's Vile Clutch   Necr/Erth      #.........   100%        5    ######.
 Silence                  Hex/Air        #.........   100%        5    ######.
 Darkness                 Hex            #.........   100%        6    #######
 Invisibility             Hex            #.......     100%        6    #######
 Shadow Creatures         Summ           N/A          100%        6    #######


Dungeon Overview and Level Annotations

Branches:
Dungeon (15/15)            Temple (1/1) D:6            Lair (6/6) D:11
  Swamp (4/4) Lair:4       Spider (4/4) Lair:3        Slime (0/5) Lair:6
    Orc (2/2) D:9             Elf (0/3) Orc:2        Vaults (1/5) D:14
 Depths (5/5) D:15        Volcano (visited)
    Zot: Depths:5

Altars:
Ashenzari
Dithmenos
Elyvilon
Fedhas
Gozag
Kikubaaqudgha
Makhleb
Nemelex Xobeh
Okawaru
Ru
Trog
Uskayaw
Zin
Jiyva
Lugonu

Shops:
D:14 *   Orc:2 (:[}   Vaults:1 ?

Portals:
Hell: Lair:6 Depths:1 Depths:2
Abyss: Depths:1
Ziggurat: Depths:2

Annotations:
D:7 2 transporters, Wanze's ghost, novice HOAK
D:8 3 runed translucent doors, Wanze's ghost, novice HOMo
Lair:2 exclusion: oklob plant
Lair:5 exclusion: 4 oklob plants
Lair:6 1 runed translucent door
Swamp:2 3 runed translucent doors, p0werm0de's ghost, adept DDFi; pleonasm's ghost, adept OgBe; popps's ghost, adept MiBe
Depths:2 exclusions: titan and 1 more exclusion
Depths:5 Boris


Innate Abilities, Weirdness & Mutations

You reflexively headbutt those who attack you in melee.
You have a pair of horns on your head.
You are partially covered in iridescent scales. (AC +2)
You are partially covered in yellow scales. (AC +2)
You have supernaturally acute eyesight. (SInv)


Message History

You block the fire dragon's attack. The fire dragon claws you.
The fire dragon closely misses you.
The caustic shrike becomes distracted by the nearby gold, dreaming of imaginary riches.
The deep troll barely misses you. The deep troll closely misses you.
You block the deep troll's attack.
The caustic shrike claws you but does no damage.
The frost giant completely misses you. The caustic shrike barely misses you.
You furiously retaliate!
You headbutt the caustic shrike. You slash the fire dragon!
You freeze the fire dragon!
You headbutt the fire dragon, but do no damage.
The fire dragon is severely wounded.
You miss the caustic shrike.
You hit the caustic shrike but do no damage.
You closely miss the caustic shrike. You completely miss the frost giant.
Your plate armour prevents you from hitting the caustic shrike.
You slice the deep troll!! You freeze the deep troll.
You slash the deep troll shaman! You freeze the deep troll shaman.
The caustic shrike claws you!
You are splashed with acid!
The caustic shrike claws you but does no damage.
You block the caustic shrike's attack. x2
The fire dragon bites you but does no damage.
You block the fire dragon's attack. x2
You hit the deep troll. You freeze the deep troll. You headbutt the deep troll!
The deep troll is almost dead.
You hit the deep troll shaman. You freeze the deep troll shaman.
You slash the fire dragon! You freeze the fire dragon.
You hit the caustic shrike. You slash the caustic shrike!
You freeze the caustic shrike. You slash the caustic shrike!
You freeze the caustic shrike. You hit the frost giant.
You hit the caustic shrike. The caustic shrike misses you.
You block the caustic shrike's attack. You block the deep troll's attack.
The deep troll claws you but does no damage. x2
The frost giant hits you with a +0 battleaxe of freezing!
The frost giant freezes you.
You closely miss the deep troll. You headbutt the deep troll.
The deep troll is almost dead.
You hit the deep troll shaman. You freeze the deep troll shaman.
You hit the fire dragon but do no damage.
You hit the caustic shrike. x2; You freeze the caustic shrike.
You miss the caustic shrike.
You hit the frost giant but do no damage.
You hit the caustic shrike. You freeze the caustic shrike.
You block the caustic shrike's attack. The caustic shrike claws you!
You are splashed with acid.
The caustic shrike claws you but does no damage.
The fire dragon bites you but does no damage.
The fire dragon claws you but does no damage.
The fire dragon closely misses you.
The caustic shrike becomes distracted by the nearby gold, dreaming of imaginary riches.
The caustic shrike claws you!
You are splashed with acid!
The deep troll becomes distracted by the nearby gold, dreaming of imaginary riches.
The glowing orange brain pulsates.
Something tries to feed on your intellect!
The caustic shrike claws you!
You are splashed with acid!
You block the caustic shrike's attack. The deep troll shaman bites you.
The deep troll shaman claws you!
You block the deep troll shaman's attack.
The deep troll shouts!
You slice the deep troll!! You freeze the deep troll.
You kill the deep troll!
The deep troll's corpse dissolves into shadows!
You slash the caustic shrike! You slash the frost giant!
You slice the caustic shrike!! You freeze the caustic shrike.
The caustic shrike is no longer distracted by gold.
You miss the caustic shrike. x2; You slice the fire dragon!!
You freeze the fire dragon.
You kill the fire dragon!
You hit the deep troll shaman. You freeze the deep troll shaman.
You hear a shout!
The caustic shrike claws you!
You are splashed with acid!
The caustic shrike becomes distracted by the nearby gold, dreaming of imaginary riches.
You block the caustic shrike's attack.
The caustic shrike claws you but does no damage.
The frost giant casts a spell at you. The bolt of cold hits you! You resist.
Boris, Master of Life and Death comes into view.
He is wearing a +2 robe of resistance.
You are too injured to fight recklessly!
You are too injured to fight recklessly!
You are too injured to fight recklessly!
You are too injured to fight recklessly!
The caustic shrike is no longer distracted by gold.
The caustic shrike claws you but does no damage.
You block the caustic shrike's attack.
The caustic shrike claws you but does no damage.
The caustic shrike claws you. The acid corrodes you!
You are splashed with acid!
You block the deep troll shaman's attack. x2
The deep troll shaman claws you!
* * * LOW HITPOINT WARNING * * *
The caustic shrike claws you!!
* * * LOW HITPOINT WARNING * * *
The acid corrodes you!
You are splashed with acid!
* * * LOW HITPOINT WARNING * * *
The caustic shrike claws you.
* * * LOW HITPOINT WARNING * * *
You are splashed with acid!
* * * LOW HITPOINT WARNING * * *
The caustic shrike claws you!
You die...
Your body crumbles into a pile of gold.

#.............^.....?
#....................
#....................
#....................
#..........^.........
#..............L.....
#.....bCbG...$.....(.
#.....)b@T...$$......
#......bbTT..$.......
....######...$$<......
.## ####.........
##........ ##.......
#...... ...... ......


You could see Boris, 5 caustic shrikes, a frost giant (summoned), an iron troll
(summoned), a glowing orange brain, a deep troll earth mage (summoned) and a
deep troll shaman (summoned).

Vanquished Creatures
  A juggernaut (Depths:4)
  Boris (Depths:3)
  Bai Suzhen (Spider:3)
  2 caustic shrikes (Depths:2)
  Xtahua (Depths:3)
  Nikola (Spider:3)
  the Enchantress (Depths:4)
  A bone dragon (Abyss:3)
  Arachne (Spider:2)
  A lich (Depths:5)
  A tentacled monstrosity (Depths:4)
  Asterion (Spider:3)
  Frances (Spider:2)
  4 thorn hunters
  Kirke (D:14)
  2 tengu reavers (Depths:2)
  4 fire giants
  A frost giant (Depths:5)
  A balrug (Depths:2)
  An iron dragon (Depths:4)
  A deep elf sorcerer (Vaults:1)
  8 emperor scorpions
  4 ghost moths
  A draconian shifter (Abyss:3)
  An ironheart preserver (Vaults:1)
  A deep elf elementalist (Depths:5)
  11 stone giants
  3 spriggan defenders (Depths:4)
  2 very ugly things
  2 vampire knights
  2 entropy weavers (Spider:4)
  3 spark wasps
  A deep elf annihilator (Depths:5)
  2 dire elephants
  2 ettins
  Josephine (Orc:1)
  7 ogre magi
  10 fire dragons
  5 ice dragons
  4 vault guards (D:14)
  20 hydras
  2 rakshasas
  2 catoblepae (Lair:5)
  A shambling mangrove (Swamp:2)
  3 spriggan air magi
  3 alligators
  19 two-headed ogres
  4 centaur warriors
  8 death scarabs (Spider:4)
  Erica (D:8)
  An orc high priest (Orc:2)
  A death yak (Lair:5)
  A satyr (shapeshifter) (Abyss:3)
  6 tengu warriors
  A deep troll earth mage (Depths:4)
  3 deep troll shamans
  Urug (Orc:1)
  9 spriggans
  2 spriggan berserkers
  2 sun demons (Depths:2)
  2 wretched stars (Abyss:3)
  A spectral emperor scorpion (Spider:4)
  5 hell knights (Depths:5)
  3 iron trolls
  A sixfirhy (Lair:6)
  3 skeletal warriors (D:14)
  A spatial maelstrom (Abyss:3)
  4 unseen horrors
  2 wizards
  13 deep trolls
  A deep troll (shapeshifter) (Abyss:3)
  A shadow dragon zombie (Depths:4)
  A spriggan druid (Swamp:4)
  6 swamp dragons (Swamp:4)
  An orc knight (D:14)
  4 spectral wolf spiders (Spider:4)
  A tengu zombie (Depths:4)
  4 necromancers
  21 ugly things
  16 orb spiders
  2 deep elf magi
  2 sphinx zombies (Depths:4)
  A wolf spider zombie (Spider:4)
  33 wolf spiders
  5 manticores
  3 orc sorcerers
  4 cyclopes
  2 centaur zombies (D:10)
  A fire giant zombie (Depths:4)
  A salamander (D:15)
  A moth of wrath (Spider:4)
  An elephant (shapeshifter) (Depths:2)
  9 elephants
  2 guardian serpents (shapeshifter) (Abyss:3)
  4 torpor snails
  10 black mambas
  2 vault sentinels (Vaults:1)
  A gargoyle (D:14)
  A smoke demon (Lair:6)
  Maggie (D:6)
  2 large abominations (Abyss:3)
  2 orange demons (Lair:6)
  A yaktaur (shapeshifter) (Depths:4)
  8 demonic crawlers
  7 rime drakes
  2 yaktaurs
  7 komodo dragons
  A kobold demonologist (D:15)
  17 spiny frogs
  An efreet (D:15)
  2 ice devils (Lair:6)
  3 spectral redbacks (Spider:4)
  2 redback zombies (Spider:4)
  2 red devils (Lair:6)
  9 hornets
  15 trolls
  6 meliai
  A queen bee (Lair:5)
  Grinder (D:6)
  33 jumping spiders
  4 spectral tarantellas (Spider:4)
  A merfolk (D:15)
  2 spectral jumping spiders (Spider:4)
  A tyrant leech (Swamp:4)
  27 blink frogs
  12 slime creatures
  A polar bear (Lair:2)
  5 dream sheep
  A bog body (Lair:4)
  A jumping spider zombie (Spider:4)
  17 hippogriffs
  3 flying skulls (Abyss:3)
  A meliai zombie (D:13)
  2 centaur simulacra (D:15)
  95 redbacks
  28 tarantellas
  A wyvern (D:9)
  2 shadows
  5 humans
  2 fire bats (Lair:2)
  5 wraiths
  60 yaks
  5 basilisks
  9 hogs
  A hungry ghost (D:10)
  A neqoxec (Abyss:3)
  8 vampire mosquitoes
  7 swamp worms
  4 wargs
  An acid dragon (D:15)
  3 hell hounds (Lair:6)
  3 spectral hornets (Spider:4)
  6 water moccasins
  9 porcupines
  13 swamp drakes
  18 orc warriors
  An ice beast (D:8)
  4 sky beasts
  A necrophage (D:8)
  A black bear (D:8)
  An eye of draining (D:12)
  26 ogres
  A small abomination (Abyss:3)
  11 crocodiles
  6 centaurs
  8 big kobolds
  A gnoll sergeant (D:7)
  15 bullfrogs
  A wyvern skeleton (D:13)
  3 scorpions
  40 killer bees
  4 wights (D:12)
  4 electric eels
  2 howler monkeys (D:13)
  6 crimson imps
  2 bullfrog zombies
  A starcursed mass (Abyss:3)
  A quasit (D:12)
  5 centaur skeletons
  6 hounds
  6 jellies
  15 orc wizards
  12 orc priests
  Jessica (D:2)
  6 bullfrog skeletons
  An iguana (D:8)
  12 worker ants
  3 polar bear simulacra (Lair:4)
  A killer bee zombie (D:9)
  A wolf simulacrum (Lair:4)
  3 yak simulacra (Lair:4)
  A hound zombie (D:10)
  2 hound skeletons
  2 worker ant zombies
  A howler monkey skeleton (D:4)
  14 gnolls
  8 river rats (D:8)
  11 adders
  3 shadow imps
  3 oozes
  An adder skeleton (D:5)
  3 worms
  3 dart slugs
  8 leopard geckos
  96 orcs
  3 ball pythons
  7 giant cockroaches
  6 goblins
  13 hobgoblins
  13 jackals
  13 quokkas
  5 bats
  9 frilled lizards
  A giant cockroach zombie (D:5)
  50 kobolds
  A quokka skeleton (D:6)
  21 rats
  4 river rat simulacra (Lair:4)
  10 briar patches (Swamp:4)
  14 fungi
  10 plants
1400 creatures vanquished.

Vanquished Creatures (others)
  An orb spider (Spider:3)
  A hornet (Spider:4)
  A redback (Spider:3)
  A tarantella (Spider:3)
  A human (D:15)
  2 briar patches (Swamp:2)
  A bush (Lair:6)
  7 fungi
  10 plants
  A withered plant (Swamp:2)
26 creatures vanquished.

Grand Total: 1426 creatures vanquished

Notes
Turn   | Place    | Note
-------+----------+-------------------------------------------
     0 | D:1      | EnegeticOcto the Minotaur Fighter began the quest for the
                  | Orb.
     0 | D:1      | Reached XP level 1. HP: 19/19 MP: 0/0
   143 | D:1      | Reached XP level 2. HP: 27/27 MP: 1/1
   356 | D:1      | Reached skill level 4 in Fighting
   538 | D:1      | Reached XP level 3. HP: 31/33 MP: 2/2
   799 | D:2      | Reached skill level 1 in Dodging
  1315 | D:2      | Reached XP level 4. HP: 41/41 MP: 3/3
  1366 | D:2      | Noticed Jessica
  1369 | D:2      | Killed Jessica
  1627 | D:3      | Reached XP level 5. HP: 47/47 MP: 4/4
  1770 | D:3      | Reached skill level 5 in Fighting
  2065 | D:3      | Found a white marble altar of Elyvilon.
  2109 | D:3      | Became a worshipper of Elyvilon the Healer
  2610 | D:4      | Reached XP level 6. HP: 56/56 MP: 5/5
  3093 | D:4      | Reached skill level 5 in Axes
  3473 | D:4      | Reached * piety under Elyvilon
  3481 | D:4      | Reached skill level 6 in Fighting
  3481 | D:4      | Reached skill level 5 in Armour
  3481 | D:4      | Reached XP level 7. HP: 56/63 MP: 6/6
  3829 | D:5      | Entered Level 5 of the Dungeon
  4103 | D:5      | Reached ** piety under Elyvilon
  4112 | D:5      | Reached skill level 5 in Shields
  4969 | D:6      | Found a staircase to the Ecumenical Temple.
  4991 | Temple   | Entered the Ecumenical Temple
  4996 | Temple   | Fell from the grace of Elyvilon
  4996 | Temple   | Became a worshipper of Gozag Ym Sagoz the Greedy
  5185 | D:6      | Noticed Grinder
  5198 | D:6      | Killed Grinder
  5198 | D:6      | Reached skill level 7 in Fighting
  5198 | D:6      | Reached skill level 1 in Evocations
  5198 | D:6      | Reached XP level 8. HP: 57/73 MP: 7/7
  6087 | D:6      | Noticed Maggie
  6105 | D:6      | Killed Maggie
  6105 | D:6      | Reached skill level 8 in Fighting
  6483 | D:7      | Reached XP level 9. HP: 78/81 MP: 9/9
  7193 | D:7      | Found a transporter.
  7196 | D:7      | Noticed Wanze's ghost (novice HOAK)
  7196 | D:7      | Noticed a moth of wrath
  7200 | D:7      | Noticed a six-headed hydra
  7237 | D:7      | Found a transporter.
  7693 | D:7      | Reached skill level 9 in Fighting
  7856 | D:8      | Noticed a troll
  7862 | D:8      | Killed a troll
  7862 | D:8      | Reached skill level 5 in Dodging
  8087 | D:8      | Reached XP level 10. HP: 42/92 MP: 11/11
  8346 | D:8      | Noticed Erica
  8362 | D:8      | Killed Erica
  8362 | D:8      | Reached skill level 10 in Fighting
  8443 | D:8      | Noticed a cyclops
  8659 | D:8      | Killed a cyclops
  8659 | D:8      | Reached skill level 10 in Axes
  9349 | D:8      | Found a runed translucent gate.
  9349 | D:8      | Found a runed translucent gate.
  9350 | D:8      | Found a runed translucent gate.
  9351 | D:8      | Noticed Wanze's ghost (novice HOMo)
  9754 | D:9      | Got a glittering lapis lazuli ring
  9762 | D:9      | Identified the ring of Leaves {*Tele rC+ Str+5 Dex-2
                  | Stlth+} (You found it on level 9 of the Dungeon)
  9780 | D:9      | Found an iron altar of Okawaru.
 10302 | D:9      | Found a staircase to the Orcish Mines.
 10362 | D:10     | Entered Level 10 of the Dungeon
 10485 | D:10     | Reached XP level 11. HP: 101/101 MP: 13/13
 10554 | D:10     | Reached skill level 11 in Fighting
 11566 | D:11     | Found a staircase to the Lair.
 11599 | D:11     | Reached skill level 5 in Evocations
 11815 | D:11     | Killed an unseen horror
 12059 | D:11     | Noticed a tengu warrior
 12059 | D:11     | Noticed a tengu warrior
 12059 | D:11     | Noticed a deep elf mage
 12060 | D:11     | a deep elf mage changed into a dream sheep
 12066 | D:11     | Killed a tengu warrior
 12071 | D:11     | Killed a tengu warrior
 12071 | D:11     | Reached skill level 12 in Fighting
 12253 | D:11     | Noticed a two-headed ogre
 12259 | D:11     | Killed a two-headed ogre
 12599 | Lair:1   | Entered Level 1 of the Lair of Beasts
 12611 | Lair:1   | Reached XP level 12. HP: 82/112 MP: 15/15
 14371 | Lair:2   | Noticed a seven-headed hydra
 14378 | Lair:2   | Killed a four-headed hydra
 14665 | Lair:2   | Noticed a five-headed hydra
 14671 | Lair:2   | Killed a two-headed hydra
 15065 | Lair:3   | Reached skill level 13 in Fighting
 15367 | Lair:3   | Found a hole to the Spider Nest.
 15892 | Lair:3   | Reached skill level 10 in Armour
 15892 | Lair:3   | Reached skill level 10 in Shields
 16041 | Lair:3   | Noticed a seven-headed hydra
 16050 | Lair:3   | Killed a one-headed hydra
 16704 | Lair:4   | Found a staircase to the Swamp.
 16904 | Lair:4   | Reached XP level 13. HP: 122/122 MP: 16/16
 18528 | D:12     | Reached skill level 14 in Fighting
 21140 | Orc:1    | Entered Level 1 of the Orcish Mines
 21425 | Orc:2    | Entered Level 2 of the Orcish Mines
 21574 | Orc:2    | Reached XP level 14. HP: 130/133 MP: 18/18
 21769 | Orc:2    | Found Solaxes's Weapon Boutique.
 21796 | Orc:1    | Noticed Urug
 21811 | Orc:1    | Killed Urug
 21811 | Orc:1    | Reached skill level 15 in Fighting
 21820 | Orc:1    | Noticed Josephine
 21826 | Orc:1    | Killed Josephine
 21883 | Orc:1    | Reached skill level 15 in Axes
 22177 | Orc:1    | Found a bloodstained altar of Trog.
 22402 | Orc:2    | Found a staircase to the Elven Halls.
 22478 | Orc:2    | Reached skill level 10 in Dodging
 22914 | Orc:2    | Found Yruc's Book Shoppe.
 22938 | Orc:2    | Found Midaeqi's Armour Shop.
 22939 | Orc:2    | Found Piduele's Gadget Boutique.
 22984 | Orc:2    | Noticed a stone giant
 22998 | Orc:2    | Killed a stone giant
 23554 | Orc:2    | Bought a +3 plate armour of cold resistance for 585 gold
                  | pieces
 23570 | Orc:2    | Bought a tin of tremorstones (3/3) for 600 gold pieces
 23570 | Orc:2    | Bought a wand of clouds (3) for 315 gold pieces
 23570 | Orc:2    | Bought a wand of digging (5) for 270 gold pieces
 24087 | D:14     | Found a gate to the Vaults.
 24410 | D:15     | Entered Level 15 of the Dungeon
 24481 | D:15     | Noticed Kirke
 24494 | D:15     | Noticed a sphinx
 24647 | D:15     | Reached XP level 15. HP: 115/143 MP: 20/20
 24650 | D:15     | Reached skill level 16 in Fighting
 24662 | D:14     | Killed Kirke
 25425 | D:15     | Found a staircase to the Depths.
 26225 | Lair:4   | Gained mutation: You are partially covered in iridescent
                  | scales. (AC +2) [potion of mutation]
 26225 | Lair:4   | Gained mutation: You have supernaturally acute eyesight.
                  | (SInv) [potion of mutation]
 26225 | Lair:4   | Gained mutation: You are partially covered in yellow
                  | scales. (AC +2) [potion of mutation]
 26284 | Lair:5   | Found a dark tunnel.
 26297 | Volcano  | Entered a volcano
 27148 | Lair:5   | Reached skill level 17 in Fighting
 27705 | Spider:1 | Entered Level 1 of the Spider Nest
 28874 | Spider:3 | Reached XP level 16. HP: 141/155 MP: 22/22
 28963 | Spider:3 | Noticed Asterion
 28965 | Spider:3 | Noticed Bai Suzhen
 28983 | Spider:3 | Killed Asterion
 29005 | Spider:3 | Killed Bai Suzhen
 29514 | Spider:3 | Noticed Nikola
 29540 | Spider:3 | Killed Nikola
 29540 | Spider:3 | Reached skill level 18 in Fighting
 29735 | Spider:4 | Entered Level 4 of the Spider Nest
 30092 | Spider:4 | Reached skill level 10 in Evocations
 31978 | Spider:4 | Reached XP level 17. HP: 130/166 MP: 23/23
 32624 | Spider:4 | Reached skill level 19 in Fighting
 32751 | Spider:4 | Got a gossamer rune of Zot
 33302 | Swamp:1  | Entered Level 1 of the Swamp
 33373 | Swamp:2  | Found a runed translucent gate.
 33373 | Swamp:2  | Found a runed translucent gate.
 33374 | Swamp:2  | Found a runed translucent gate.
 33412 | Swamp:2  | Noticed p0werm0de's ghost (adept DDFi)
 33412 | Swamp:2  | Noticed popps's ghost (adept MiBe)
 33412 | Swamp:2  | Noticed pleonasm's ghost (adept OgBe)
 33998 | Swamp:4  | Entered Level 4 of the Swamp
 34916 | Swamp:4  | Got a decaying rune of Zot
 35300 | D:14     | Bought a scroll of enchant weapon for 255 gold pieces
 35303 | Vaults:1 | Entered Level 1 of the Vaults
 35337 | Vaults:1 | Found Alowacu's Magic Scroll Boutique.
 35356 | Vaults:1 | Bought a scroll of summoning for 180 gold pieces
 35356 | Vaults:1 | Bought 2 scrolls of fog for 76 gold pieces
 35356 | Vaults:1 | Bought a scroll of enchant weapon for 142 gold pieces
 35356 | Vaults:1 | Bought a scroll of magic mapping for 66 gold pieces
 35373 | Vaults:1 | Cast into level 3 of the Abyss (a deep elf sorcerer)
 35373 | Abyss:3  | Found a corrupted altar of Lugonu.
 35539 | Abyss:3  | Found a corrupted altar of Lugonu.
 35585 | Abyss:3  | Noticed a bone dragon
 35601 | Abyss:3  | Killed a bone dragon
 35607 | Abyss:3  | Reached skill level 20 in Fighting
 35613 | Abyss:3  | Found an ancient bone altar of Kikubaaqudgha.
 35614 | Abyss:3  | Got an abyssal rune of Zot
 35621 | Abyss:3  | Reached XP level 18. HP: 58/178 MP: 25/25
 35632 | Vaults:1 | Escaped the Abyss
 35636 | Vaults:1 | Reached skill level 15 in Armour
 35882 | Lair:6   | Entered Level 6 of the Lair of Beasts
 35906 | Lair:6   | Reached skill level 15 in Shields
 36480 | Lair:6   | Found a burning altar of Makhleb.
 36673 | Lair:6   | Found a gateway to Hell.
 36961 | Lair:6   | Found a runed translucent door.
 36962 | Lair:6   | Found a viscous altar of Jiyva.
 36978 | Lair:6   | Found a staircase to the Slime Pits.
 37818 | Spider:2 | Noticed Frances
 37827 | Spider:2 | Killed Frances
 38489 | Spider:2 | Noticed Arachne
 38515 | Spider:2 | Killed Arachne
 39795 | Depths:1 | Entered Level 1 of the Depths
 39795 | Depths:1 | Found a corrupted altar of Lugonu.
 39795 | Depths:1 | Found a one-way gate to the infinite horrors of the Abyss.
 40536 | Depths:1 | Reached skill level 21 in Fighting
 40910 | Depths:2 | Noticed a caustic shrike
 40915 | Depths:2 | Noticed a caustic shrike
 40918 | Depths:2 | Killed a caustic shrike
 40918 | Depths:2 | Reached XP level 19. HP: 69/189 MP: 27/27
 40920 | Depths:2 | Killed a caustic shrike
 41240 | Depths:2 | Found a bloodstained altar of Trog.
 41762 | Depths:2 | Found a gateway to a ziggurat.
 42524 | Depths:3 | Found a glowing silver altar of Zin.
 42527 | Depths:3 | Noticed Xtahua
 42538 | Depths:3 | Killed Xtahua
 42837 | Depths:4 | Noticed the Enchantress
 42847 | Depths:4 | Killed the Enchantress
 43117 | Depths:4 | Reached skill level 22 in Fighting
 43121 | Depths:4 | Reached skill level 15 in Dodging
 43234 | Depths:4 | Noticed Boris
 43598 | Depths:3 | Killed Boris
 43739 | Depths:5 | Entered Level 5 of the Depths
 43841 | Depths:5 | Reached XP level 20. HP: 166/200 MP: 28/28
 43849 | Depths:5 | Noticed a juggernaut
 44198 | Depths:4 | Killed a juggernaut
 44365 | Depths:5 | Noticed a caustic shrike
 44365 | Depths:5 | Noticed a caustic shrike
 44365 | Depths:5 | Noticed a caustic shrike
 44365 | Depths:5 | Noticed a caustic shrike
 44365 | Depths:5 | Noticed a caustic shrike
 44371 | Depths:5 | Noticed Boris
 44372 | Depths:5 | Slain by a caustic shrike

Illustrated notes

Levels and vault maps discovered:
D:1:      matt_arrival_debris, layout_loops_ring
D:2:      layout_rooms, kennysheep_generic_room_6, uniq_jessica
D:3:      layout_loops_ring, elyvilon_altar_5, first_ration
D:4:      layout_loops_corners
D:5:      layout_layer_cave, nicolae_underground_beach
D:6:      minmay_goblin_kobold_castle, layout_basic, minmay_temple_entry_waves,
          minmay_misc_feat_nine_boxes, uniq_grinder, uniq_maggie
D:7:      layout_basic, gammafunk_ghost_berserking_beasts,
          chequers_serial_rivers_micro_d
D:8:      lemuel_ratsnest, layout_rooms, gammafunk_ghost_nasty_kobolds,
          grunt_livestock, nrook_uturn, uniq_erica
D:9:      layout_basic, orc_0_dummy, okawaru_humans
D:10:     layout_basic
D:11:     layout_gridville, due_lair_maze_entry_diamond
D:12:     layout_irregular_city
D:13:     layout_layer_cave
D:14:     layout_loops_corners, grunt_vaults_entry_fortified,
          hangedman_abyss_or_decor_lesser_grid, grunt_ministairs_10
D:15:     hangedman_depths_entry_try_elsewhere_first, layout_basic,
          minmay_door_square, uniq_kirke
Temple:   compressed_dpeg_triangle_lava_temple
Lair:1:   layout_chaotic_city, st_stairs_7, lemuel_fruit_tree
Lair:2:   layout_gridlike, minmay_lair_oklob_chamber
Lair:3:   layout_cave_pods, nicolae_spider_entry_tight_spaces,
          portal_ice_cave_entry_pillars_2, chequers_serial_rivers_marsh,
          infiniplex_staircase_pool_2
Lair:4:   layout_long_grid, skrybe_swamp_entry_bodies,
          eino_small_chamber_without_monster, eino_house_with_fridge
Lair:5:   hangedman_what_comes_after_a, layout_regular_city,
          nicolae_volcano_entry_lava_flow, st_stairs_8,
          infiniplex_staircase_pool
Lair:6:   evil_forest, layout_misc_corridors, slime_altar_2,
          grunt_forest_large_clearing_hut
Swamp:1:  layout_falls_marsh, nicolae_swamp_little_tower
Swamp:2:  layout_falls_marsh, gammafunk_ghost_cemetery,
          evilmike_swamp_ruin_rubble_2, uniq_louise
Swamp:3:  layout_basic_swamp, evilmike_swamp_ruin_house_5
Swamp:4:  swamp, layout_basic_swamp, swamp_pool1
Spider:1: layout_spider_delve, drop_trap, hangedman_spider_tarantella_strand
Spider:2: layout_spider_delve, drop_trap, uniq_frances, uniq_arachne
Spider:3: layout_spider_delve, uniq_asterion, uniq_nikola, uniq_bai_suzhen
Spider:4: floodkiller_spider_rune_tomb
Orc:1:    layout_caves, trog_hazing_becter, uniq_josephine, uniq_urug
Orc:2:    st_orc_open, layout_caves, rock_pile
Vaults:1: vaults_dpeg_diagonal, ontoclasm_vaults_chip,
          hangedman_vaults_restitches, v_misc_14, nicolae_vaults_arrows,
          special_room_vaults [special_room_orc], ontoclasm_vaults_twist,
          v_misc_24, v_misc_30, ontoclasm_vaults_fault,
          ontoclasm_vaults_gateway, ontoclasm_vaults_shuriken,
          layout_vaults_omnicross, serial_shops, shop_coins
Depths:1: layout_roguey, hell_entry, abyss_entry_flame_altar,
          hangedman_abyss_or_decor_stagger, serial_sigils,
          serial_sigils_hangedman_stare, serial_sigils_hangedman_quiver,
          serial_sigils_hangedman_writhe, serial_sigils_hangedman_carve,
          kennysheep_doodads, minmay_orc_keep
Depths:2: minmay_nested_s, layout_gridlike, enter_ziggurat_f, lightli_too_deep,
          nicolae_two_hexagons, argonaut_fire_from_heaven
Depths:3: hangedman_cross_cluster, layout_basic, basic_altar,
          rand_demon_pan_entry_3, hell_entry, uniq_xtahua, uniq_jory,
          uniq_margery
Depths:4: kennysheep_six_static_rooms, layout_cave_pools,
          grunt_hell_entry_dis_mu, abyss_entry_glasseish, chequers_jeans,
          fountainhead, uniq_enchantress, uniq_boris, uniq_mennas
Depths:5: grunt_crosshair, layout_long_grid, grunt_pan_entry_sceptre,
          hell_entry, minmay_swirly_circle

Skill      XL: |  1  2  3  4  5  6  7  8  9 10 11 12 13 14 15 16 17 18 19 20 |
---------------+-------------------------------------------------------------+-----
Fighting       | 4 5 6 7 8 9 10 12 13 14 15 17 18 20 21 22 | 22.4
Axes           | 3 4 5 6 7 9 10 12 13 14 15 16 | 16.0
Armour         | 4 5 6 7 8 9 10 11 13 14 16 17 18 | 18.0
Dodging        | 1 2 3 4 5 6 7 8 9 10 11 12 13 14 15 | 15.3
Shields        | 4 5 6 7 8 9 10 11 12 13 14 15 | 15.5
Evocations     | 1 2 3 4 5 6 7 8 9 10 11 12 | 12.9

Action                   |  1- 3 |  4- 6 |  7- 9 | 10-12 | 13-15 | 16-18 | 19-21 || total
-------------------------+-------+-------+-------+-------+-------+-------+-------++-------
Melee: War axe           |    75 |   148 |   301 |   647 |  1134 |  1284 |   374 ||  3963
       Headbutt          |     8 |    25 |    51 |   146 |   316 |   319 |   134 ||   999
Throw: Throwing net      |       |       |       |       |       |       |     1 ||     1
Invok: Potion Petition   |       |       |       |     1 |     1 |     5 |       ||     7
       Call Merchant     |       |       |       |       |       |     1 |       ||     1
Evoke: Wand              |       |       |     2 |     1 |       |     3 |     1 ||     7
       Tin of tremorston |       |       |       |       |     3 |     4 |     3 ||    10
       Phial of floods   |       |       |       |       |       |     1 |       ||     1
  Use: Scroll            |       |       |    19 |    12 |     7 |    20 |     1 ||    59
       Potion            |       |       |     1 |     3 |     5 |    14 |     3 ||    26
 Stab: Distracted        |       |       |     3 |     2 |     3 |    10 |     4 ||    22
       Sleeping          |       |       |       |     2 |       |       |       ||     2
       Invisible         |       |       |       |     1 |       |       |       ||     1
       Petrified         |       |       |       |       |     8 |       |       ||     8
       Paralysed         |       |       |       |       |       |     3 |       ||     3
       Held in net/web   |       |       |       |       |       |       |     2 ||     2
  Eat: Chunk             |     1 |     7 |     3 |       |       |       |       ||    11
       Ration            |       |       |     5 |     8 |    12 |    11 |     5 ||    41
Armor: Scale mail        |    46 |    50 |       |       |       |       |       ||    96
       Plate armour      |       |     7 |   155 |   224 |   394 |   596 |   181 ||  1557
Dodge: Dodged            |    32 |    48 |    55 |    84 |   233 |   425 |   162 ||  1039
Block: Kite shield       |    65 |    73 |   188 |    76 |       |    51 |   254 ||   707
       Tower shield      |       |       |       |   378 |  1019 |  1294 |       ||  2691
